AoeStats
← SC_Dead Rabbit "The original"

Arabia

509228320Analyzed
1v1 RM · 7d ago on Sep 26, 2026· 43m 49s· 2 players
Game mode
Random Map
Map size
Tiny (2 player)
Population
200
Speed
Normal
Resources
Standard
Victory
Conquest
Starting age
Dark Age
Ending age
Imperial Age
RankedLock teamsTeams togetherTeam positionsShared explorationLock speedFull tech treeHidden civsTurbo modeCheats
Victory
Defeat
857
+15
🇵🇪 Mongols · Peru
828
-15
Ragnar_P
3:39 Loom
10:25 Feudal Age
25:39 Castle Age
27:43 Bloodlines
27:36 Husbandry
27:51 Double-Bit Axe
27:50 Horse Collar
29:32 Gold Mining
30:01 Fletching
30:13 Padded Archer Armor
30:43 Bodkin Arrow
SC_Dead Rabbit "The original"
3:31 Loom
9:35 Feudal Age
14:29 Forging
22:49 Castle Age
21:28 Double-Bit Axe
21:41 Horse Collar
25:17 Iron Casting
24:48 Scale Barding Armor
24:57 Bloodlines
26:36 Husbandry
27:31 Wheelbarrow
29:30 Bow Saw
30:12 Heavy Plow
37:04 Stone Mining
37:05 Gold Mining
44:23 Imperial Age
Connection lost

Rejoining the realm…

Still unreachable

The connection could not be restored.

Session expired

The server has moved on; the page needs a fresh start.